[Event "Titled Tuesday Blitz July 25 Early 2023"]
[White "Feliz Dotel, Dewar Bienvenido"]
[Black "Bueno, Alfeu Junior Varela"]
[WhiteFideId "6402801"]
[BlackFideId "2108879"]
[WhiteElo "2089"]
[BlackElo "2403"]
[Result "1-0"]
[Round "8"]
[TimeControl "180+2"]
[Date "2023.07.25"]
[WhiteClock "0:00:02"]
[BlackClock "0:00:02"]
[Board "163"]

1. d4 e6 2. e3 f5 3. Nf3 b6 4. Be2 Bb7 5. O-O Nf6 6. c4 Be7 7. Nbd2 O-O 8. Rb1 Qe8 9. b4 Qg6 10. d5 exd5 11. cxd5 Bxd5 12. Bc4 Kh8 13. Bxd5 Nxd5 14. Qc2 Bxb4 15. Qc4 Bxd2 16. Qxd5 Bxc1 17. Qxa8 Ba3 18. Qxa7 Bd6 19. Qa4 f4 20. e4 Nc6 21. Rfd1 Re8 22. Re1 h6 23. Rbd1 Bb4 24. Re2 Re7 25. Qa8+ Kh7 26. Qa6 Rxe4 27. Rxe4 Qxe4 28. Qd3 Qxd3 29. Rxd3 d6 30. Rd1 Kg6 31. Nd4 Ne5 32. Ne6 c5 33. Nxf4+ Kf5 34. Nd5 Ba5 35. Rb1 Nc4 36. g3 Ke5 37. Ne7 d5 38. Re1+ Kd6 39. Nf5+ Kc6 40. Re6+ Kd7 41. Nxg7 Bc3 42. Rg6 d4 43. Nf5 d3 44. Kf1 Nb2 45. Ne3 Bd4 46. Rxh6 c4 47. Nxc4 Nxc4 48. Rh4 d2 49. Rxd4+ Kc6 50. Ke2 Kc5 51. Rd8 b5 52. h4 Kb4 53. h5 Kc3 54. h6 Nd6 55. Rxd6 1-0


[Site "https://www.chess.com"]

[Event "Titled Tuesday Blitz July 25 Early 2023"]
[White "Tobak, Mikhail"]
[Black "ivana_999"]
[WhiteFideId "14165570"]
[WhiteElo "2403"]
[BlackElo "2071"]
[Result "1-0"]
[Round "8"]
[TimeControl "180+2"]
[Date "2023.07.25"]
[WhiteClock "0:01:22"]
[BlackClock "0:00:14"]
[Board "164"]

1. e4 e6 2. d3 d5 3. Nd2 c5 4. Ngf3 Nf6 5. g3 Nc6 6. Bg2 Be7 7. O-O b6 8. Re1 Bb7 9. c3 Qc7 10. Qe2 O-O-O 11. a3 h5 12. b4 Rdg8 13. bxc5 Bxc5 14. d4 Be7 15. exd5 exd5 16. c4 Re8 17. cxd5 Nxd5 18. Nc4 Bb4 19. Qxe8+ Rxe8 20. Rxe8+ Kd7 21. Re2 Bc3 22. Nce5+ Nxe5 23. Nxe5+ Kd8 24. Rb1 Bxd4 25. Bb2 Bxb2 26. Rexb2 Nc3 27. Rd2+ Ke7 28. Re1 Be4 29. Rd7+ Qxd7 30. Nxd7 Kxd7 31. Bxe4 Nxe4 32. Rxe4 a5 33. a4 f6 34. Re1 Kc6 35. Rb1 Kc5 36. Rb5+ Kc6 37. Rxh5 g6 38. Rb5 f5 39. f4 Kb7 40. Kf2 Ka6 41. Kf3 Kb7 42. g4 Ka7 43. gxf5 gxf5 44. Rxf5 Ka6 45. Rb5 Ka7 46. f5 Ka6 47. f6 Ka7 48. f7 Ka6 49. f8=Q Ka7 50. Qd6 Ka6 51. Qxb6# 1-0


[Site "https://www.chess.com"]

[Event "Titled Tuesday Blitz July 25 Early 2023"]
[White "Cooper, Aaron"]
[Black "Guerra Tulcan, Lenin"]
[WhiteFideId "2634945"]
[BlackFideId "3601382"]
[WhiteElo "2293"]
[BlackElo "2576"]
[Result "0-1"]
[Round "8"]
[TimeControl "180+2"]
[Date "2023.07.25"]
[WhiteClock "0:00:00"]
[BlackClock "0:00:06"]
[Board "165"]

1. b4 e5 2. Bb2 d6 3. e3 Nf6 4. c4 Nbd7 5. Nf3 Be7 6. d4 a5 7. b5 e4 8. Nfd2 b6 9. Nc3 Bb7 10. Qc2 d5 11. cxd5 Nxd5 12. Ndxe4 Nb4 13. Qd1 O-O 14. a3 Nd5 15. Bd3 N7f6 16. Nxf6+ Bxf6 17. Ne4 Re8 18. Nxf6+ Nxf6 19. O-O Qd5 20. f3 Rxe3 21. Qc2 Rae8 22. Bc4 Qh5 23. d5 Nxd5 24. Bd4 R3e7 25. Bxd5 Bxd5 26. Qc3 Qg6 27. Rad1 Be6 28. Rf2 h5 29. Rfd2 Rd7 30. Bf2 Rxd2 31. Qxd2 Bc4 32. Rc1 Bxb5 33. Rxc7 Re2 34. Qd8+ Kh7 35. Rc1 Rc2 36. Re1 Rc6 37. h4 Rd6 38. Qf8 Bc4 39. Re8 Qb1+ 40. Kh2 Rd1 41. Qh8+ Kg6 42. g4 Rh1+ 43. Kg3 Rg1+ 44. Bxg1 Qxg1+ 45. Kf4 Qc1+ 46. Re3 hxg4 47. fxg4 Qf1+ 48. Rf3 Qc1+ 49. Re3 Qf1+ 50. Kg3 Qg1+ 51. Kf3 Bd5+ 52. Kf4 Qf2+ 53. Ke5 Qxe3+ 54. Kd6 Qe6+ 55. Kc7 Qc6+ 56. Kd8 Qa8+ 57. Ke7 Qxh8 0-1


[Site "https://www.chess.com"]

[Event "Titled Tuesday Blitz July 25 Early 2023"]
[White "Zaksaite, Salomeja"]
[Black "Rodchenkov, Sergey D."]
[WhiteFideId "12801496"]
[BlackFideId "4168712"]
[WhiteElo "2282"]
[BlackElo "2534"]
[Result "1-0"]
[Round "8"]
[TimeControl "180+2"]
[Date "2023.07.25"]
[WhiteClock "0:00:14"]
[BlackClock "0:01:15"]
[Board "166"]

1. e4 c5 2. Nf3 d6 3. d4 cxd4 4. Nxd4 Nf6 5. Nc3 a6 6. Bc4 e6 7. Bb3 b5 8. O-O Qc7 9. Re1 Be7 10. f4 O-O 11. e5 Nfd7 12. Nxe6 fxe6 13. Bxe6+ Kh8 14. Nd5 Qd8 15. Nxe7 Qxe7 16. exd6 Qh4 17. Bd5 Nb6 18. Bxa8 Nxa8 19. Be3 Bb7 20. Bd4 Nd7 21. Re7 Nab6 22. Rxg7 Rf6 23. Rg4 Qh6 24. Bxb6 Rxd6 25. Bd4+ Nf6 26. c3 Qf8 27. Qe2 h6 28. Rg6 Kh7 29. Rxf6 Rxf6 30. Bxf6 Qxf6 31. Re1 Qb6+ 32. Qe3 Qc6 33. Qe7+ Kg8 34. Qe8+ Kg7 35. Qxc6 Bxc6 36. Re6 Bd5 37. Rxa6 1-0


[Site "https://www.chess.com"]

[Event "Titled Tuesday Blitz July 25 Early 2023"]
[White "AndresDelgado77"]
[Black "Goffredo_Fofi"]
[WhiteElo "2281"]
[BlackElo "2497"]
[Result "1-0"]
[Round "8"]
[TimeControl "180+2"]
[Date "2023.07.25"]
[WhiteClock "0:00:28"]
[BlackClock "0:00:16"]
[Board "167"]

1. e4 g6 2. d4 Bg7 3. Nf3 c6 4. Nc3 d5 5. h3 dxe4 6. Nxe4 Nf6 7. Nxf6+ exf6 8. Bc4 O-O 9. O-O a5 10. a4 Na6 11. Re1 Nc7 12. Bf4 Nd5 13. Bg3 Be6 14. Bb3 Qd7 15. c4 Nb6 16. Rc1 Rfd8 17. Qd2 f5 18. Qf4 Rac8 19. Red1 f6 20. h4 Bf8 21. Qe3 Bf7 22. d5 c5 23. Qc3 Nxa4 24. Qxa5 Ra8 25. Qd2 b5 26. Bxa4 Rxa4 27. b3 Ra3 28. Qb2 Rda8 29. Qxf6 Rxb3 30. Be5 Be8 31. Qh8+ Kf7 32. Ng5+ Ke7 33. Qf6# 1-0


[Site "https://www.chess.com"]

[Event "Titled Tuesday Blitz July 25 Early 2023"]
[White "Orlov, Oleg"]
[Black "Barwinska, Ewa"]
[WhiteFideId "4166612"]
[BlackFideId "21833761"]
[WhiteElo "2476"]
[BlackElo "2274"]
[Result "0-1"]
[Round "8"]
[TimeControl "180+2"]
[Date "2023.07.25"]
[WhiteClock "0:00:00"]
[BlackClock "0:00:59"]
[Board "168"]

1. e4 c5 2. Nf3 Nc6 3. Bb5 g6 4. c3 Bg7 5. O-O e5 6. d4 cxd4 7. cxd4 Nxd4 8. Nxd4 exd4 9. Nd2 Ne7 10. Nc4 O-O 11. Nd6 Qb6 12. Bf4 Nc6 13. Bg3 a6 14. Bd3 Ne5 15. Bxe5 Bxe5 16. Nc4 Qe6 17. f4 Bg7 18. f5 Qe7 19. f6 Bxf6 20. Nb6 Be5 0-1


[Site "https://www.chess.com"]

[Event "Titled Tuesday Blitz July 25 Early 2023"]
[White "rikchessmx"]
[Black "Gulamali, Kazim"]
[BlackFideId "2024764"]
[WhiteElo "2264"]
[BlackElo "2474"]
[Result "0-1"]
[Round "8"]
[TimeControl "180+2"]
[Date "2023.07.25"]
[WhiteClock "0:00:00"]
[BlackClock "0:00:30"]
[Board "169"]

1. e4 c5 2. Nf3 d6 3. d4 cxd4 4. Nxd4 Nf6 5. Nc3 e6 6. f4 a6 7. Qf3 Qc7 8. Be3 b5 9. g4 b4 10. Nce2 Bb7 11. Ng3 e5 12. Ndf5 Qxc2 13. Rc1 Qxb2 14. g5 Nfd7 15. Bc4 g6 16. Nh6 Bxh6 17. gxh6 f5 18. O-O Rf8 19. Rf2 Qa3 20. Nxf5 Rxf5 21. Bd5 Bxd5 22. exd5 exf4 23. Rc8+ Ke7 24. Qe4+ Ne5 25. Bxf4 Nd7 26. Rxa8 Nc5 0-1


[Site "https://www.chess.com"]

[Event "Titled Tuesday Blitz July 25 Early 2023"]
[White "Chemin, Justo Reinaldo"]
[Black "UNSTOPPABLE_LEGEND"]
[WhiteFideId "2101580"]
[WhiteElo "2263"]
[BlackElo "2450"]
[Result "0-1"]
[Round "8"]
[TimeControl "180+2"]
[Date "2023.07.25"]
[WhiteClock "0:00:00"]
[BlackClock "0:00:58"]
[Board "170"]

1. d4 d6 2. e4 Nf6 3. Nc3 e5 4. Nf3 Nbd7 5. Bc4 Be7 6. O-O O-O 7. Re1 c6 8. Bb3 exd4 9. Nxd4 a5 10. Nf5 Nc5 11. a4 Nxb3 12. Nxe7+ Qxe7 13. cxb3 Be6 14. Bf4 Rad8 15. f3 d5 16. Qc2 d4 17. Nd1 Qb4 18. Nf2 Bxb3 19. Qd2 Qxd2 20. Bxd2 b6 21. f4 c5 22. e5 Nd5 23. Ne4 Nb4 24. Bxb4 axb4 25. Nd6 Ra8 26. f5 Rfd8 27. a5 bxa5 28. Nb7 Rdc8 29. Nxa5 Bd5 30. e6 fxe6 31. fxe6 c4 32. e7 c3 33. bxc3 dxc3 34. Red1 c2 35. Rxd5 c1=Q+ 36. Rxc1 Rxc1+ 37. Kf2 Rcc8 38. Nc6 Re8 39. Nxb4 Rxe7 40. Nd3 Rf8+ 0-1


[Site "https://www.chess.com"]

[Event "Titled Tuesday Blitz July 25 Early 2023"]
[White "Samaganova, Aleksandra"]
[Black "Kopczynski, Michal"]
[WhiteFideId "13800221"]
[BlackFideId "1124200"]
[WhiteElo "2261"]
[BlackElo "2445"]
[Result "0-1"]
[Round "8"]
[TimeControl "180+2"]
[Date "2023.07.25"]
[WhiteClock "0:00:01"]
[BlackClock "0:00:40"]
[Board "171"]

1. d4 Nf6 2. c4 g6 3. g3 Bg7 4. Bg2 d6 5. Nf3 O-O 6. O-O Nfd7 7. Nc3 Nc6 8. e4 e5 9. Be3 h6 10. Qd2 Kh7 11. Rfe1 f5 12. Rad1 f4 13. gxf4 exd4 14. Nxd4 Nxd4 15. Bxd4 Bxd4 16. Qxd4 Rxf4 17. Nd5 Rf8 18. Re3 Ne5 19. Rg3 Bg4 20. Rc1 Bf3 21. c5 Bxg2 22. Kxg2 c6 23. Ne3 Qf6 24. Rc2 dxc5 25. Qxc5 Nd3 26. Qc3 Qxc3 27. bxc3 Ne1+ 28. Kf1 Nxc2 29. Nxc2 Rae8 30. Re3 c5 31. Ke2 Re6 32. Na3 Ra6 33. c4 Rd8 34. Rb3 Rb6 35. Nb5 a6 36. Nc3 Rb4 37. Nd5 Rxb3 38. axb3 Kg7 39. Ke3 b5 40. e5 Kf7 41. Ke4 b4 42. f4 a5 43. f5 gxf5+ 44. Kxf5 a4 45. e6+ Ke8 46. Nc7+ Ke7 47. bxa4 b3 48. Nb5 b2 49. Nc3 Rd3 50. Nb1 Rd1 51. Nc3 b1=Q+ 0-1


[Site "https://www.chess.com"]

[Event "Titled Tuesday Blitz July 25 Early 2023"]
[White "Nugumanov, Bakhtiyar"]
[Black "Ladan, Nicholas"]
[WhiteFideId "13701797"]
[BlackFideId "30918855"]
[WhiteElo "2250"]
[BlackElo "2438"]
[Result "0-1"]
[Round "8"]
[TimeControl "180+2"]
[Date "2023.07.25"]
[WhiteClock "0:00:04"]
[BlackClock "0:01:30"]
[Board "172"]

1. Nf3 b6 2. c4 Bb7 3. g3 e6 4. Bg2 Nf6 5. O-O Be7 6. Nc3 O-O 7. Re1 c6 8. e4 d5 9. e5 Nfd7 10. cxd5 cxd5 11. d4 a5 12. Bd2 Na6 13. Rc1 Rc8 14. a3 Rc7 15. Qe2 Qb8 16. Nb5 Rxc1 17. Rxc1 Rc8 18. Qd1 Bc6 19. Nc3 b5 20. Bf1 Qb7 21. Na2 Bd8 22. b4 a4 23. Qc2 Nb6 24. Nc3 Nc4 25. Be1 Nxa3 26. Qb2 Nc4 27. Bxc4 dxc4 28. Nd2 Be7 29. Na2 Bh1 30. f3 Bxf3 31. Nxf3 Qxf3 32. Bf2 Qb3 33. Rb1 Qxb2 34. Rxb2 c3 35. Rc2 Nxb4 36. Rxc3 Rxc3 37. Nxc3 a3 38. Kf1 a2 39. Nxa2 Nxa2 40. Ke2 b4 41. Kd2 b3 42. Be3 Bb4+ 43. Kd1 Bc3 44. g4 Nb4 45. Kc1 g6 46. Bg1 Kf8 47. h4 Ke8 48. Kb1 Kd7 49. h5 Kc6 50. hxg6 hxg6 51. g5 Kd5 0-1


[Site "https://www.chess.com"]

[Event "Titled Tuesday Blitz July 25 Early 2023"]
[White "Rios Escobar, Adan"]
[Black "Fernandez Hernandez, Gerardo"]
[WhiteFideId "3403645"]
[BlackFideId "2207400"]
[WhiteElo "2397"]
[BlackElo "2235"]
[Result "1-0"]
[Round "8"]
[TimeControl "180+2"]
[Date "2023.07.25"]
[WhiteClock "0:00:30"]
[BlackClock "0:00:00"]
[Board "173"]

1. d4 Nf6 2. g3 g6 3. Bg2 d5 4. c4 Bg7 5. cxd5 Nxd5 6. Nf3 O-O 7. O-O c5 8. dxc5 Na6 9. e4 Ndb4 10. Nc3 Nxc5 11. Be3 Nbd3 12. Qe2 Qa5 13. Rfd1 Nxb2 14. Qxb2 Bxc3 15. Qc2 Bxa1 16. Rxa1 Na6 17. Bd4 Be6 18. Qc1 Rfd8 19. Bc3 Qh5 20. Nd4 Bh3 21. Bf3 Bg4 22. Bxg4 Qxg4 23. Qh6 f6 24. h3 Qxe4 25. Re1 Rxd4 26. Rxe4 Rxe4 27. h4 Rc8 28. Bb2 Nc5 29. h5 Rg4 30. hxg6 Rxg6 31. Qh3 Rd8 32. Ba3 Ne4 33. Qe6+ 1-0


[Site "https://www.chess.com"]

[Event "Titled Tuesday Blitz July 25 Early 2023"]
[White "Rian, Kapriaga"]
[Black "Joshi, Pankaj"]
[WhiteFideId "7103263"]
[BlackFideId "5006210"]
[WhiteElo "2382"]
[BlackElo "2234"]
[Result "0-1"]
[Round "8"]
[TimeControl "180+2"]
[Date "2023.07.25"]
[WhiteClock "0:00:28"]
[BlackClock "0:00:46"]
[Board "174"]

1. d4 Nf6 2. Nf3 g6 3. c4 Bg7 4. Nc3 O-O 5. Bg5 c5 6. e3 a6 7. Be2 cxd4 8. exd4 d5 9. Bxf6 Bxf6 10. Nxd5 Bg7 11. Nc3 Nc6 12. d5 Ne5 13. O-O e6 14. d6 Bd7 15. c5 Bc6 16. Nxe5 Bxe5 17. Bf3 Rc8 18. Na4 Bxa4 19. Qxa4 Rxc5 20. Bxb7 Bxd6 21. Bxa6 Qc7 22. g3 Ra8 23. b4 Rc6 24. b5 Rc4 25. Qb3 Rb4 26. Qd3 Qb6 27. a4 Rd8 28. Rfd1 Be7 29. Qe2 Bf6 30. a5 Rxd1+ 31. Qxd1 Qc5 32. Rc1 Qf5 33. Qc2 Qf3 34. Qc8+ Kg7 35. Bb7 Qa3 36. Bc6 Qxc1+ 37. Kg2 Rb1 38. a6 Bd4 39. Qd7 Qf1+ 40. Kf3 Qxf2+ 41. Kg4 Qf5+ 42. Kh4 Qh5# 0-1


[Site "https://www.chess.com"]

[Event "Titled Tuesday Blitz July 25 Early 2023"]
[White "Ramirez Vido, Robert Yorisan"]
[Black "Kuchava, Ana"]
[WhiteFideId "3513823"]
[BlackFideId "13605348"]
[WhiteElo "2379"]
[BlackElo "2220"]
[Result "1-0"]
[Round "8"]
[TimeControl "180+2"]
[Date "2023.07.25"]
[WhiteClock "0:00:14"]
[BlackClock "0:00:00"]
[Board "175"]

1. f4 d5 2. Nf3 c5 3. g3 Nc6 4. Bg2 Nf6 5. d3 Qc7 6. O-O Bg4 7. h3 Bxf3 8. Bxf3 e5 9. fxe5 Nxe5 10. Bg2 h6 11. Nc3 d4 12. Nb5 Qb6 13. Bf4 Qxb5 14. Bxe5 Be7 15. c4 Qd7 16. Qb3 O-O 17. Qxb7 Qxb7 18. Bxb7 Rad8 19. Bg2 Nd7 20. Bc7 Rc8 21. Bf4 g5 22. Bd2 Bd6 23. g4 Rb8 24. b3 Rfe8 25. Bc6 Re7 26. Rf2 Be5 27. Kg2 f6 28. Raf1 Kg7 29. h4 Nf8 30. hxg5 hxg5 31. Bd5 Ng6 32. Rh1 Rh8 33. Rxh8 Kxh8 34. Kf3 Nf4 35. Rf1 Nxd5 36. cxd5 Rd7 37. Ke4 Kg7 38. Rc1 Bd6 39. e3 Re7+ 40. Kf3 Re5 41. e4 Re7 42. Rc2 Rc7 43. Bc1 Kf7 44. Bb2 a5 45. Ba3 Ke7 46. Rc1 Rc8 47. Rh1 Ra8 48. Rh7+ 1-0


[Site "https://www.chess.com"]

[Event "Titled Tuesday Blitz July 25 Early 2023"]
[White "Tqebuchava, Zurab"]
[Black "Slavin, Alexey"]
[WhiteFideId "13601113"]
[BlackFideId "24104388"]
[WhiteElo "2212"]
[BlackElo "2353"]
[Result "0-1"]
[Round "8"]
[TimeControl "180+2"]
[Date "2023.07.25"]
[WhiteClock "0:00:48"]
[BlackClock "0:01:10"]
[Board "176"]

1. e4 Nc6 2. Nf3 d6 3. Bb5 Bd7 4. O-O Nf6 5. Re1 e5 6. c3 Be7 7. d4 exd4 8. cxd4 O-O 9. e5 dxe5 10. d5 Nd4 11. Bxd7 Nxf3+ 12. Qxf3 Nxd7 13. Nc3 Bd6 14. Be3 Qf6 15. Qe2 Qg6 16. Rac1 a6 17. f3 f5 18. Bf2 Rae8 19. Qc2 Qh5 20. Bg3 Rf6 21. Re2 Rh6 22. Rce1 Bc5+ 23. Kf1 Qg5 24. f4 Qxg3 25. Rxe5 Qxf4+ 0-1


[Site "https://www.chess.com"]

[Event "Titled Tuesday Blitz July 25 Early 2023"]
[White "Francisco_Ferrari"]
[Black "Fajdetic, Hrvoje"]
[BlackFideId "14501945"]
[WhiteElo "2182"]
[BlackElo "2350"]
[Result "1-0"]
[Round "8"]
[TimeControl "180+2"]
[Date "2023.07.25"]
[WhiteClock "0:00:11"]
[BlackClock "0:00:05"]
[Board "177"]

1. d4 d5 2. Nf3 e6 3. e3 f5 4. Bd3 Nf6 5. Nbd2 Bd6 6. c4 c6 7. b3 O-O 8. Bb2 Ne4 9. Qc2 b6 10. Ne5 Bb7 11. g4 Bb4 12. O-O-O Nxf2 13. gxf5 Nxd1 14. fxe6 Qh4 15. Ndf3 Qh6 16. Rxd1 Na6 17. Qe2 Nc7 18. Nf7 Qh5 19. N3g5 g6 20. Qxh5 gxh5 21. Rg1 Rxf7 22. exf7+ Kf8 23. Bxh7 Ke7 24. Bg6 Ne6 25. Nxe6 Kxe6 26. Rf1 Rf8 27. a3 Bd6 28. e4 Bxh2 29. cxd5+ cxd5 30. e5 h4 31. Rf6+ Ke7 32. Rf5 Bc8 33. Rf1 Be6 34. a4 Bxf7 35. Ba3+ Ke8 36. Bxf8 Bxg6 37. Kb2 Be4 38. Bh6 Bg3 39. Bf4 Bxf4 40. Rxf4 h3 41. Rh4 Bg2 42. Kc3 a5 43. Kd2 Kd7 44. Ke3 Ke6 45. Kf2 Kf5 46. Kg3 Bf1 47. Rxh3 Bxh3 48. Kxh3 Ke6 49. Kg4 b5 50. axb5 Ke7 51. Kf5 Kf7 52. e6+ Ke7 53. Ke5 1-0


[Site "https://www.chess.com"]

[Event "Titled Tuesday Blitz July 25 Early 2023"]
[White "Ncatt"]
[Black "Sailer, Mike"]
[BlackFideId "2012901"]
[WhiteElo "2332"]
[BlackElo "2166"]
[Result "1-0"]
[Round "8"]
[TimeControl "180+2"]
[Date "2023.07.25"]
[WhiteClock "0:02:08"]
[BlackClock "0:00:00"]
[Board "178"]

1. e4 d5 2. exd5 Qxd5 3. Nc3 Qd6 4. Nf3 c6 5. d4 Bg4 6. Be2 Nf6 7. h3 Bh5 8. O-O e6 9. Bg5 Nbd7 10. Qd2 Qc7 11. Rad1 Bd6 12. Rfe1 O-O 13. a3 a5 14. Qe3 h6 15. Bxf6 Nxf6 16. Ne5 Bxe2 17. Rxe2 Nd5 18. Nxd5 cxd5 19. c3 b5 20. Rc1 Bxe5 21. dxe5 Rfc8 22. Rd2 Qc4 23. Rd4 Qb3 24. Rg4 Rc4 25. Rg3 Kf8 26. Qd2 Re4 27. c4 Qa2 28. cxd5 exd5 29. Rc7 Rxe5 30. Qf4 Re7 31. Qd6 Qb1+ 32. Kh2 Re8 33. Re3 1-0


[Site "https://www.chess.com"]

[Event "Titled Tuesday Blitz July 25 Early 2023"]
[White "Sanudula, K M Dahamdi"]
[Black "Makhmudov, Shukhrat"]
[WhiteFideId "9932470"]
[BlackFideId "14200775"]
[WhiteElo "2165"]
[BlackElo "2326"]
[Result "0-1"]
[Round "8"]
[TimeControl "180+2"]
[Date "2023.07.25"]
[WhiteClock "0:02:22"]
[BlackClock "0:01:59"]
[Board "179"]

1. d4 Nf6 2. e3 d5 3. Bd3 c5 4. c3 Nc6 5. f4 cxd4 6. exd4 Bg4 7. Nf3 e6 8. h3 Bxf3 9. Qxf3 Be7 10. Nd2 O-O 11. O-O a6 12. Qe2 b5 13. Nf3 Qc7 14. Ne5 g6 15. g4 Nd7 16. g5 Rfe8 17. h4 Bf8 18. Qg4 Bg7 19. Bd2 Ra7 20. h5 Qb6 21. Kg2 Nxd4 22. cxd4 Qxd4 23. Bc3 Nxe5 24. Bxd4 Nxg4 25. Bxg7 Kxg7 26. h6+ Kf8 27. Rae1 d4 28. Re4 Ne3+ 29. Kf2 Nxf1 30. Kxf1 Rd8 31. Ke2 Rc7 32. Kd2 Ke7 33. Re1 Rd6 34. Rb1 Rc5 35. Re1 e5 36. fxe5 Rdd5 37. Re4 Rxe5 38. Rxd4 Rxg5 39. Re4+ Rce5 40. Rd4 0-1


[Site "https://www.chess.com"]

[Event "Titled Tuesday Blitz July 25 Early 2023"]
[White "Prydun, Andriy"]
[Black "Cardenas Carbajal, Nilson"]
[WhiteFideId "14145898"]
[BlackFideId "8401128"]
[WhiteElo "2317"]
[BlackElo "2157"]
[Result "1-0"]
[Round "8"]
[TimeControl "180+2"]
[Date "2023.07.25"]
[WhiteClock "0:01:36"]
[BlackClock "0:00:44"]
[Board "180"]

1. e4 e5 2. Nf3 Nc6 3. Nc3 Nf6 4. Bb5 Bb4 5. Nd5 Bd6 6. c3 a6 7. Bc4 Nxd5 8. exd5 Ne7 9. d4 Ng6 10. Bg5 Be7 11. Bxe7 Qxe7 12. O-O O-O 13. Re1 d6 14. Bd3 Bg4 15. h3 Bxf3 16. Qxf3 Nf4 17. Qxf4 f5 18. dxe5 g5 19. Qd4 dxe5 20. Rxe5 Qf7 21. Rae1 f4 22. Re7 Rae8 23. Bxh7+ Qxh7 24. Rxe8 1-0


[Site "https://www.chess.com"]

[Event "Titled Tuesday Blitz July 25 Early 2023"]
[White "SicilianPanzer"]
[Black "djjohnnywoo"]
[WhiteElo "2311"]
[BlackElo "2145"]
[Result "1-0"]
[Round "8"]
[TimeControl "180+2"]
[Date "2023.07.25"]
[WhiteClock "0:00:02"]
[BlackClock "0:00:12"]
[Board "181"]

1. e4 c5 2. Nf3 g6 3. d4 cxd4 4. Nxd4 Bg7 5. c4 Nc6 6. Be3 d6 7. Nc3 Nf6 8. Be2 O-O 9. O-O Nxd4 10. Bxd4 Be6 11. f4 Rc8 12. b3 Qa5 13. Qd3 Nd7 14. Bxg7 Kxg7 15. Qd4+ f6 16. Kh1 Qc5 17. Qd2 f5 18. Bf3 Nf6 19. Rae1 Ng4 20. Bxg4 fxg4 21. f5 Bf7 22. e5 gxf5 23. Qg5+ Bg6 24. Qxe7+ Rf7 25. Qxd6 Qa5 26. e6 Rd8 27. Qg3 Re7 28. Nd5 Rxd5 29. cxd5 Qxd5 30. Qc3+ Kh6 31. Qf6 Rc7 32. e7 Rc2 33. Qh4+ Kg7 34. Qg3 f4 35. Qxg4 Qd2 36. e8=Q f3 37. Qe7+ Kh6 38. Qgh4+ Bh5 39. Qef6# 1-0


[Site "https://www.chess.com"]

[Event "Titled Tuesday Blitz July 25 Early 2023"]
[White "Larina, Maria"]
[Black "BenchGM"]
[WhiteFideId "24113182"]
[WhiteElo "2119"]
[BlackElo "2302"]
[Result "1-0"]
[Round "8"]
[TimeControl "180+2"]
[Date "2023.07.25"]
[WhiteClock "0:00:45"]
[BlackClock "0:00:00"]
[Board "182"]

1. e4 c5 2. Nc3 Nc6 3. g3 e6 4. Bg2 Nf6 5. Nf3 d5 6. exd5 exd5 7. O-O d4 8. Re1+ Be7 9. Nb1 O-O 10. d3 Re8 11. a4 h6 12. Nbd2 Be6 13. b3 Rc8 14. Ba3 b6 15. Nc4 a6 16. Nfe5 Nxe5 17. Nxe5 Nd5 18. Qd2 Bf6 19. Nc4 Bg5 20. f4 Bf6 21. Qf2 Ne3 22. Be4 b5 23. axb5 axb5 24. Ne5 Qd6 25. Bc1 Bxe5 26. fxe5 Qxe5 27. Bxe3 dxe3 28. Qxe3 Qc3 29. Qf2 c4 30. bxc4 bxc4 31. Ra7 cxd3 32. cxd3 Rcd8 33. Rf1 Qd4 34. Qxd4 Rxd4 35. Rc1 g6 36. Rcc7 Red8 37. Kf2 R4d6 38. Ke3 Re8 39. Kf2 f5 40. Bc6 Rb8 41. Rg7+ Kf8 42. Rh7 Rxc6 43. Rxh6 Bf7 44. Rh8+ Bg8 45. Ke3 Re8+ 46. Kf4 Rce6 47. Kg5 R8e7 48. Ra8+ Kg7 49. Rhxg8+ Kh7 50. Rh8+ Kg7 51. Rag8+ Kf7 52. Rf8+ Kg7 53. Rhg8+ Kh7 54. Rd8 f4 55. gxf4 Rc6 56. d4 Ra6 57. d5 Ra5 58. Kg4 1-0


[Site "https://www.chess.com"]

[Event "Titled Tuesday Blitz July 25 Early 2023"]
[White "Schut, Han"]
[Black "Mikheeva, Galina"]
[WhiteFideId "1005561"]
[BlackFideId "44108320"]
[WhiteElo "2297"]
[BlackElo "2012"]
[Result "0-1"]
[Round "8"]
[TimeControl "180+2"]
[Date "2023.07.25"]
[WhiteClock "0:00:04"]
[BlackClock "0:00:24"]
[Board "183"]

1. e4 e5 2. Nf3 Nc6 3. Bc4 Bc5 4. c3 Nf6 5. d4 exd4 6. b4 Be7 7. e5 Ne4 8. b5 Na5 9. Bd3 Nxc3 10. Nxc3 Bb4 11. O-O dxc3 12. a3 Be7 13. Qa4 b6 14. Qg4 Kf8 15. Ng5 Bb7 16. Nxh7+ Kg8 17. Ng5 Bd5 18. Ne4 Nb3 19. Rb1 Nxc1 20. Rbxc1 Rh4 21. Qf3 Bg5 22. Rxc3 Rf4 23. Qe2 Bh6 24. g3 Rf5 25. f4 c6 26. Nf6+ Rxf6 27. exf6 Qxf6 28. Qe5 Qxe5 29. fxe5 Re8 30. Re1 Bd2 31. Rcc1 Bxc1 32. Rxc1 Rxe5 33. bxc6 dxc6 34. Kf2 Kf8 35. a4 Ke7 36. Be2 Kd6 37. a5 Re4 38. a6 Ra4 39. h4 Ra2 40. Ke1 b5 41. h5 Rxa6 42. g4 Ra3 43. Kf2 a5 44. g5 Rh3 45. Bg4 Rh2+ 46. Kg3 Rg2+ 47. Kh3 Rf2 48. h6 gxh6 49. gxh6 Rf6 50. Kg3 Rxh6 51. Rf1 Rg6 52. Kh4 a4 53. Rxf7 Bxf7 0-1


[Site "https://www.chess.com"]

[Event "Titled Tuesday Blitz July 25 Early 2023"]
[White "KSho99"]
[Black "FREDERICKtheMATE"]
[WhiteElo "2207"]
[BlackElo "2361"]
[Result "0-1"]
[Round "8"]
[TimeControl "180+2"]
[Date "2023.07.25"]
[WhiteClock "0:00:00"]
[BlackClock "0:00:41"]
[Board "184"]

1. d4 c5 2. d5 g6 3. e4 Bg7 4. Nc3 d6 5. h3 a6 6. a4 f5 7. Nf3 Nf6 8. Bd3 fxe4 9. Nxe4 O-O 10. Neg5 h6 11. Ne6 Bxe6 12. dxe6 g5 13. Bg6 Nc6 14. Bf7+ Kh8 15. h4 g4 16. Ng5 Qb6 17. Ra3 Nd8 18. Rg3 Qb4+ 19. c3 Qc4 20. Qc2 Nxf7 21. Nxf7+ Kg8 22. Nxh6+ Bxh6 23. Bxh6 Qxe6+ 24. Re3 Qf7 25. Bxf8 Rxf8 26. h5 Nxh5 27. Qe4 Nf4 28. Qxe7 Nxg2+ 29. Ke2 Nxe3 30. Qxf7+ Rxf7 31. fxe3 Rf6 32. Rg1 Rg6 33. Rg3 Kf7 34. Kd3 d5 35. e4 Ke6 36. exd5+ Kxd5 37. Ke3 Ke5 38. b4 c4 39. a5 Rg8 40. Rg2 g3 41. Kf3 Kf5 42. Ke3 Kg4 43. Kd4 Kh3 44. Rg1 g2 45. Kxc4 Kh2 46. Rd1 g1=Q 47. Rxg1 Kxg1 48. Kc5 Rg6 49. c4 Kf2 50. b5 axb5 51. cxb5 Ke3 52. b6 Ke4 53. a6 bxa6 54. b7 Rg8 55. Kb6 Kd5 56. Kxa6 Kc6 57. Ka7 Kc7 58. Ka6 Rb8 59. Ka7 Rxb7+ 60. Ka8 Rb1 0-1


[Site "https://www.chess.com"]

[Event "Titled Tuesday Blitz July 25 Early 2023"]
[White "chessmateto"]
[Black "Khouri, Ahmed Abbas"]
[BlackFideId "9301518"]
[WhiteElo "2321"]
[BlackElo "2226"]
[Result "1-0"]
[Round "8"]
[TimeControl "180+2"]
[Date "2023.07.25"]
[WhiteClock "0:00:17"]
[BlackClock "0:00:15"]
[Board "185"]

1. c4 c5 2. Nc3 Nc6 3. Nf3 g6 4. g3 Bg7 5. Bg2 e5 6. O-O Nge7 7. d3 O-O 8. a3 d6 9. Rb1 a5 10. Bd2 h6 11. e3 Be6 12. Ne1 d5 13. cxd5 Nxd5 14. Nxd5 Bxd5 15. Qc2 b6 16. b4 axb4 17. axb4 Ra2 18. Rb2 Rxb2 19. Qxb2 Bxg2 20. Kxg2 Qd5+ 21. e4 Qd4 22. Bc3 Qd6 23. bxc5 bxc5 24. f4 Nd4 25. Bxd4 exd4 26. Nf3 Rb8 27. Qc2 Bf8 28. Rb1 Rxb1 29. Qxb1 Qc6 30. Ne5 Qa8 31. Qb3 Qa7 32. Nxg6 Qa5 33. Ne5 Qa7 34. Qc4 Bd6 35. Ng4 Kg7 36. Qd5 Qb6 37. e5 Be7 38. f5 f6 39. exf6+ Bxf6 40. Qd7+ Kh8 41. Nxh6 Qb2+ 42. Kh3 Qe2 43. Qc8+ Kh7 44. Qg8+ Kxh6 45. Qg6# 1-0


[Site "https://www.chess.com"]